 Dungeon Crawl Stone Soup version 0.30-a0-1075-gcd70e7a56d (webtiles) character file.

Game seed: 17026004181147861922

144603 funkygono the Executioner (level 16, -1/163 HPs)
             Began as a Minotaur Fighter on Apr 14, 2023.
             Was a High Priest of Okawaru.
             Blown up by an orb spider (39 damage)
             ... with an orb of destruction
             ... on level 4 of the Spider Nest on Apr 15, 2023.
             The game lasted 01:09:30 (28856 turns).

funkygono the Executioner (Minotaur Fighter)       Turns: 28856, Time: 01:09:31

Health: -1/163     AC: 36    Str: 35    XL:     16   Next: 85%
Magic:  0/27       EV: 11    Int: 14    God:    Okawaru [*****.]
Gold:   3066       SH: 14    Dex: 10    Spells: 15/15 levels left

rFire   . . .      SeeInvis .    n - +5 broad axe (venom)
rCold   + . .      Faith    .    c - +2 kite shield
rNeg    . . .      Spirit   +    S - +0 shadow dragon scales
rPois   +          Reflect  .    (helmet restricted)
rElec   +          Rampage  +    L - +2 cloak {Will+}
rCorr   +                        A - +2 pair of gloves of Gofeth {rPois rC+ MP+9 Str+3}
Will    +++..                    b - +2 pair of boots {rampage}
Stlth   +++                      m - amulet of guardian spirit
HPRegen 0.47/turn                V - ring of Buus {rCorr Str+3 Int+6 Slay+2}
MPRegen 0.20/turn                l - ring of Datal {rElec Will+ AC+4 Int+3}

@: studying Armour
A: horns 2, retaliatory headbutt
a: Renounce Religion, Heroism, Finesse, Duel


You were on level 4 of the Spider Nest.
You worshipped Okawaru.
Okawaru was extremely pleased with you.
You visited 5 branches of the dungeon, and saw 27 of its levels.
You also visited: Gauntlet and Ice Cave.

You collected 3206 gold pieces.
You spent 140 gold pieces at shops.

Inventory:

Hand Weapons
 n - a +5 broad axe of venom (weapon)
 o - a +2 war axe of flaming
Missiles
 u - 13 javelins (quivered)
 w - 6 silver javelins
 P - 2 throwing nets
Armour
 b - a +2 pair of boots of rampaging (worn)
 c - a +2 kite shield (worn)
 A - the +2 pair of gloves of Gofeth (worn) {rPois rC+ MP+9 Str+3}
   (You found it in a Gauntlet)

   Str:       It affects your strength (+3).
   rC:        It protects you from cold.
   rPois:     It protects you from poison.
   MP:        It affects your magic capacity (+9).
 L - a +2 cloak of willpower (worn)
 S - +0 shadow dragon scales (worn)
Jewellery
 l - the ring of Datal (right hand) {rElec Will+ AC+4 Int+3}
   (You found it in a Gauntlet)

   [ring of protection]

   AC:        It affects your AC (+4).
   Int:       It affects your intelligence (+3).
   rElec:     It insulates you from electricity.
   Will:      It increases your willpower.
 m - an amulet of guardian spirit (around neck)
 r - the ring "Hecveaf" {rC+ Will++}
   (You found it in a Gauntlet)

   [ring of protection from cold]

   rC:        It protects you from cold.
   Will:      It greatly increases your willpower.
 v - a ring of positive energy
 Q - the ring "Hauff" {Will+ Str+3 Dex+3 Stlth+}
   (You found it on level 13 of the Dungeon)

   [ring of willpower]

   Str:       It affects your strength (+3).
   Dex:       It affects your dexterity (+3).
   Will:      It increases your willpower.
   Stlth:     It makes you more stealthy.
 V - the ring of Buus (left hand) {rCorr Str+3 Int+6 Slay+2}
   (You acquired it on level 15 of the Dungeon)

   [ring of intelligence]

   Str:       It affects your strength (+3).
   Int:       It affects your intelligence (+6).
   Slay:      It affects your accuracy & damage with ranged weapons and melee
   (+2).
   rCorr:     It protects you from acid and corrosion.
Wands
 h - a wand of paralysis (5)
 i - a wand of flame (53)
 J - a wand of roots (18)
 N - a wand of light (4)
 O - a wand of mindburst (6)
Scrolls
 j - 11 scrolls of identify
 k - 2 scrolls of fog
 p - 13 scrolls of teleportation
 x - a scroll of silence
 y - 7 scrolls of blinking
 G - 2 scrolls of poison
 H - 10 scrolls of fear
Potions
 d - 6 potions of might
 e - 6 potions of heal wounds
 f - a potion of resistance
 g - 8 potions of curing
 s - 2 potions of flight
 z - 3 potions of berserk rage
 F - 7 potions of cancellation
 M - 5 potions of haste
 W - a potion of invisibility


   Skills:
 + Level 20.2 Fighting
 + Level 21.9 Axes
 + Level 6.5 Throwing
 + Level 19.7 Armour
 + Level 6.4 Dodging
 + Level 3.3 Stealth
 + Level 13.8 Shields
 + Level 4.0 Invocations


You had 15 spell levels left.
You didn't know any spells.
Your spell library contained the following spells:

 Spells                   Type           Power      Damage    Failure   Level
 Apportation              Tloc           0%         N/A       77%         1
 Foxfire                  Conj/Fire      0%         2x1d4     77%         1
 Magic Dart               Conj           0%         1d3       77%         1
 Shock                    Conj/Air       0%         1d3       77%         1
 Cigotuvi's Dreadful Rot  Necr/Pois/Air  0%         N/A       88%         2
 Dazzling Flash           Conj/Hex       0%         N/A       98%         3
 Hailstorm                Conj/Ice       0%         3d3       98%         3
 Ignite Poison            Fire/Tmut/Pois 0%         N/A       98%         3
 Mephitic Cloud           Conj/Pois/Air  0%         N/A       98%         3
 Swiftness                Air            0%         N/A       98%         3
 Vhi's Electric Charge    Tloc/Air       0%         N/A       98%         3
 Volatile Blastmotes      Fire/Tloc      0%         2d10      98%         3
 Airstrike                Air            0%         2d(0-16)  100%        4
 Fulminant Prism          Conj/Hex       0%         3d5       100%        4
 Ice Form                 Ice/Tmut       0%         N/A       100%        4
 Iskenderun's Mystic Bla  Conj/Tloc      0%         2d3       100%        4
 Petrify                  Tmut/Erth      0%         N/A       100%        4
 Agony                    Necr           0%         N/A       100%        5
 Alistair's Intoxication  Tmut/Pois      0%         N/A       100%        5
 Arcjolt                  Conj/Air       0%         1d10      100%        5
 Fireball                 Conj/Fire      0%         3d3       100%        5
 Freezing Cloud           Conj/Ice/Air   0%         6-21      100%        5
 Iskenderun's Battlesphe  Conj           0%         2d6       100%        5
 Lee's Rapid Deconstruct  Erth           0%         3d4*      100%        5
 Metabolic Englaciation   Hex/Ice        0%         N/A       100%        5
 Silence                  Hex/Air        0%         N/A       100%        5
 Conjure Ball Lightning   Conj/Air       0%         3x3d6     100%        6
 Eringya's Noxious Bog    Tmut/Pois      0%         N/A       100%        6
 Iron Shot                Conj/Erth      0%         9d1       100%        6
 Plasma Beam              Fire/Air       0%         2x1d11    100%        6
 Starburst                Conj/Fire      0%         6d3       100%        6
 Statue Form              Tmut/Erth      0%         N/A       100%        6
 Discord                  Hex            0%         N/A       100%        8
 Disjunction              Tloc           0%         N/A       100%        8
 Maxwell's Capacitive Co  Air            0%         ∞         100%        8
 Chain Lightning          Conj/Air       0%         N/A       100%        9
 Fire Storm               Conj/Fire      0%         5d1       100%        9
 Shatter                  Erth           0%         3d5*      100%        9
 Call Imp                 Summ           Unusable   N/A       N/A         2
 Summon Forest            Summ/Tloc      Unusable   N/A       N/A         5
 Simulacrum               Ice/Necr       Unusable   N/A       N/A         6
 Spellforged Servitor     Conj/Summ      Unusable   N/A       N/A         7
 Summon Hydra             Summ           Unusable   N/A       N/A         7

Dungeon Overview and Level Annotations

Branches:
Dungeon (15/15)            Temple (1/1) D:6            Lair (5/5) D:10
 Shoals (0/4) Lair:2       Spider (4/4) Lair:2        Slime (0/5) Lair:5
    Orc (2/2) D:12            Elf (0/3) Orc:2        Vaults (0/5) D:13
 Depths (0/4) D:15          IceCv (visited)         Gauntlet (visited)

Altars:
Ashenzari
Cheibriados
Dithmenos
Elyvilon
Fedhas
Gozag
Hepliaklqana
Kikubaaqudgha
Makhleb
Nemelex Xobeh
Okawaru
Qazlal
Ru
Sif Muna
Trog
Uskayaw
Vehumet
Wu Jian
Xom
Yredelemnul
Zin
The Shining One
Jiyva

Shops:
D:13 *   Orc:2 (=*[*


Innate Abilities, Weirdness & Mutations

You have a pair of horns on your head.
You reflexively headbutt those who attack you in melee.


Message History

Press: ? - help, Q - select action, (/) - cycle Shift-Dir - straight line, f/p - orb spider
Aim: an orb spider (moderately wounded, fully charged, 71% to hit)
You throw a javelin.
The javelin closely misses the orb spider.
Unknown command.
Throw: 14 javelins
Press: ? - help, Q - select action, (/) - cycle Shift-Dir - straight line, f/p - orb spider
Aim: an orb spider (moderately wounded, fully charged, 71% to hit)
You throw a javelin.
The javelin pierces through the orb spider!
The orb spider is heavily wounded.
The tarantella touches you but does no damage.
The entropy weaver hits you but does no damage.
You block the entropy weaver's attack. The entropy weaver misses you.
The entropy weaver hits you.
You closely miss the entropy weaver.
The entropy weaver is moderately wounded.
You slash the tarantella!
The tarantella is poisoned.
You are no longer corroded.
You block the tarantella's attack. The entropy weaver hits you.
The entropy weaver closely misses you. You block the entropy weaver's attack.
The entropy weaver hits you!
You carve the entropy weaver like a ham!!!
The entropy weaver looks as sick as possible!
The entropy weaver is almost dead.
You slash the tarantella!
You kill the tarantella!
Okawaru accepts your kill.
You kill the entropy weaver!
Okawaru accepts your kill.
The orb spider weaves a glowing orb of energy. x2 2 orbs of destruction come into view.
Unknown command.
The wavering orb of destruction hits you!!
* * * LOW HITPOINT WARNING * * *
The orb spider pulsates with a strange energy.
Things that are here:
a tarantella corpse; an orb spider corpse The orb of destruction hits you!!!
You die...

# #...*.((.##.
#...#.†#.#..#
#^~####....$##
#####.(.#..##
##......†^## .
#.....#...##########..
.....#(†...#...#....^#
.........†...†s†.....#
........#.s°†@○†.##..
.....##.##..○†##.##..
..##.##....##(##.....
. ##^......##^†......
..........††.....^##
..................#
^#..###.####...##^#
#.## ##^## #..^### #
##.# .###.#


You could see 2 orb spiders.

Vanquished Creatures
  Rupert (D:12)
  Kirke (Spider:1)
  2 emperor scorpions
  The ghost of aMcNicky the Protected, a journeyman AtMo of Yredelemnul (Lair:4)
  4 broodmothers (Spider:4)
  3 ghost moths
  An orc warlord (Orc:1)
  A stone giant (D:15)
  2 minotaurs
  Josephine (D:15)
  The ghost of Uhykki the Thaumaturge, a journeyman DjFE of Makhleb (Lair:1)
  4 entropy weavers
  Fannar (D:10)
  8 hydras
  A jorogumo (Spider:2)
  A catoblepas (D:15)
  Erica (D:10)
  2 centaur warriors
  2 ironbound frosthearts (IceCv)
  A two-headed ogre (D:12)
  2 dancing weapons (D:13)
  2 radroaches
  A death knight (D:14)
  2 boulder beetles
  5 death yaks (IceCv)
  A hell hog (Gauntlet)
  6 tengu warriors
  Urug (Lair:1)
  3 orc high priests
  A skeletal warrior (D:14)
  3 pharaoh ants
  3 skysharks
  5 sun moths
  2 deep trolls (D:15)
  6 orb spiders
  The ghost of adept the Ruffian, a novice TrFi (D:5)
  14 wizards
  A phantasmal warrior (D:14)
  Pikel (D:9)
  4 steelbarb worms
  A necromancer (Lair:4)
  6 orc knights
  3 deep elf pyromancers (D:13)
  12 wolf spiders
  4 orc sorcerers
  A deep elf zephyrmancer (D:13)
  5 ugly things (D:14)
  2 manticores
  6 cyclopes
  2 moths of wrath
  11 elephants
  2 black mambas
  A salamander (shapeshifter) (D:14)
  Maurice (D:10)
  A water nymph (Lair:2)
  4 torpor snails
  4 demonic crawlers
  3 ice statues
  10 cane toads
  2 gargoyles
  2 unseen horrors (D:12)
  Psyche (D:8)
  12 rime drakes
  3 komodo dragons
  An ice devil (Lair:2)
  2 tengu conjurers (D:13)
  3 meliai (Gauntlet)
  19 polar bears
  6 trolls
  3 hornets
  22 tarantellas
  17 culicivoras
  2 vampires
  20 jumping spiders
  2 slime creatures (D:14)
  Eustachio (D:4)
  Sigmund (D:4)
  11 wyverns
  52 yaks
  7 wraiths
  3 shadows
  4 humans (Spider:1)
  2 fire bats (Gauntlet)
  2 hogs (Spider:1)
  4 steam dragons
  8 basilisks
  38 redbacks
  3 vampire mosquitoes (D:12)
  5 wargs
  Menkaure (D:5)
  8 water moccasins
  3 acid dragons
  3 hell hounds (Gauntlet)
  7 ice beasts
  31 orc warriors
  3 sky beasts
  5 ogres
  4 black bears
  20 wolves
  10 centaurs
  5 phantoms
  2 lemures (D:9)
  3 kobold brigands
  8 bullfrogs
  7 scorpions
  3 gnoll sergeants
  3 wights
  4 electric eels
  3 howler monkeys
  23 orc priests
  3 hounds
  8 jellies
  5 gnoll boudas
  Crazy Yiuf (D:3)
  A sleepcap (D:4)
  5 yak simulacra (Lair:4)
  7 iguanas
  33 orc wizards
  9 hell rats
  2 polar bear simulacra (Lair:4)
  A statue (D:9)
  A wolf simulacrum (Lair:4)
  35 gnolls
  11 adders
  4 river rats (Lair:5)
  2 shadow imps (D:6)
  3 white imps
  An ufetubus (D:7)
  4 worms (D:3)
  A dart slug (D:1)
  94 orcs
  8 ball pythons
  4 endoplasms
  A giant cockroach (D:4)
  4 goblins
  2 hobgoblins
  2 jackals (D:1)
  21 kobolds
  6 bats
  3 frilled lizards
  10 rats
  3 river rat simulacra (Lair:4)
891 creatures vanquished.

Vanquished Creatures (others)
  A white imp (D:8)
  3 orcs (D:8)
  A rat (D:8)
  11 fungi
  87 plants
103 creatures vanquished.

Grand Total: 994 creatures vanquished

Notes
Turn   | Place    | Note
-------+----------+-------------------------------------------
     0 | D:1      | funkygono the Minotaur Fighter began the quest for the Orb.
     0 | D:1      | Reached XP level 1. HP: 19/19 MP: 0/0
   164 | D:1      | Found a faded altar of an unknown god.
   220 | D:1      | Reached XP level 2. HP: 25/27 MP: 1/1
   824 | D:2      | Reached XP level 3. HP: 29/34 MP: 2/2
  2019 | D:3      | Found a runed translucent door.
  2020 | D:3      | Noticed Crazy Yiuf
  2195 | D:3      | Reached skill level 3 in Axes
  2425 | D:3      | Killed Crazy Yiuf
  2426 | D:3      | Reached XP level 4. HP: 21/41 MP: 3/3
  2613 | D:4      | Noticed an ogre
  2634 | D:4      | Killed an ogre
  2635 | D:4      | Reached skill level 4 in Axes
  2635 | D:4      | Reached XP level 5. HP: 10/47 MP: 4/4
  2807 | D:4      | Reached skill level 5 in Fighting
  2843 | D:4      | Found a burning altar of Makhleb.
  2876 | D:4      | Noticed a phantom
  2886 | D:4      | Killed a phantom
  2887 | D:4      | Reached skill level 5 in Axes
  2887 | D:4      | Reached skill level 5 in Armour
  2887 | D:4      | Reached XP level 6. HP: 50/56 MP: 5/5
  2918 | D:4      | Found a shadowy altar of Dithmenos.
  3074 | D:4      | Noticed Sigmund
  3089 | D:4      | Killed Sigmund
  3090 | D:4      | Reached skill level 6 in Axes
  3090 | D:4      | Reached XP level 7. HP: 61/61 MP: 6/6
  3420 | D:4      | Noticed Eustachio
  3431 | D:4      | Killed Eustachio
  3432 | D:4      | Reached skill level 7 in Axes
  3705 | D:5      | Entered Level 5 of the Dungeon
  3719 | D:5      | Reached skill level 5 in Shields
  3757 | D:5      | Reached skill level 8 in Axes
  3757 | D:5      | Reached XP level 8. HP: 48/70 MP: 7/7
  3912 | D:5      | Reached skill level 1 in Dodging
  3922 | D:5      | Found a runed translucent door.
  3931 | D:5      | Noticed adept's ghost (novice TrFi)
  4038 | D:5      | Reached skill level 9 in Axes
  4112 | D:5      | Reached skill level 1 in Stealth
  4473 | D:5      | Noticed Menkaure
  4483 | D:5      | Killed Menkaure
  4819 | D:6      | Reached XP level 9. HP: 79/79 MP: 8/8
  4824 | D:6      | Reached skill level 10 in Axes
  4858 | D:6      | Found a staircase to the Ecumenical Temple.
  4881 | Temple   | Entered the Ecumenical Temple
  5837 | D:7      | Reached skill level 11 in Axes
  5913 | D:7      | Found a glowing silver altar of Zin.
  6277 | D:7      | Reached skill level 12 in Axes
  6330 | D:7      | Reached XP level 10. HP: 55/88 MP: 9/9
  6626 | D:7      | Found a bloodstained altar of Trog.
  6825 | D:7      | Found a blossoming altar of Fedhas.
  6825 | D:7      | Found a broken altar of Ashenzari.
  7098 | D:8      | Found an iron altar of Okawaru.
  7106 | D:8      | Became a worshipper of Warmaster Okawaru
  7126 | D:8      | Noticed Psyche
  7137 | D:8      | Killed Psyche
  7296 | D:8      | Reached skill level 13 in Axes
  7694 | D:8      | Found a white marble altar of Elyvilon.
  8028 | D:9      | Noticed Pikel
  8039 | D:9      | Killed Pikel
  8043 | D:9      | Reached * piety under Okawaru
  8548 | D:9      | Found a radiant altar of Vehumet.
  8557 | D:9      | Reached skill level 14 in Axes
  8800 | D:9      | Noticed a cyclops
  8808 | D:9      | Killed a cyclops
  8834 | D:9      | Found a shimmering altar of Xom.
  8840 | D:9      | Found an ancient bone altar of Kikubaaqudgha.
  8845 | D:9      | Found an ornate altar of the Wu Jian Council.
  8931 | D:9      | Found a stormy altar of Qazlal.
  9037 | D:9      | Found a sparkling altar of Nemelex Xobeh.
  9326 | D:10     | Entered Level 10 of the Dungeon
  9556 | D:10     | Reached XP level 11. HP: 93/97 MP: 7/10
  9624 | D:10     | Noticed Maurice
  9641 | D:10     | Killed Maurice
  9714 | D:10     | Noticed Fannar
  9731 | D:10     | Killed Fannar
  9731 | D:10     | Reached ** piety under Okawaru
  9732 | D:10     | Reached skill level 10 in Armour
  9755 | D:10     | Noticed Erica
  9766 | D:10     | Killed Erica
  9910 | D:10     | Found a staircase to the Lair.
 10344 | Lair:1   | Entered Level 1 of the Lair of Beasts
 10421 | Lair:1   | Found a gate leading to a gauntlet.
 10430 | Gauntlet | Entered a Gauntlet
 10430 | Gauntlet | Found a transporter.
 10430 | Gauntlet | Found a transporter.
 10432 | Gauntlet | Found a transporter.
 10435 | Gauntlet | Found a transporter.
 10435 | Gauntlet | Found a transporter.
 10452 | Gauntlet | Noticed a soul eater
 10454 | Gauntlet | Found a transporter.
 10457 | Gauntlet | Found a transporter.
 10464 | Gauntlet | Noticed a hell hog
 10502 | Gauntlet | Found a transporter.
 10505 | Gauntlet | Found a transporter.
 10505 | Gauntlet | Found a transporter.
 10507 | Gauntlet | Noticed an orange crystal statue
 10508 | Gauntlet | Noticed a catoblepas
 10531 | Gauntlet | Found a transporter.
 10535 | Gauntlet | Found a runed translucent door.
 10539 | Gauntlet | Found a transporter.
 10546 | Gauntlet | Found a runed translucent door.
 10548 | Gauntlet | Found a transporter.
 10550 | Gauntlet | Found a runed translucent door.
 10565 | Gauntlet | Found a transporter.
 10702 | Gauntlet | Reached skill level 1 in Invocations
 10729 | Gauntlet | Killed a hell hog
 10731 | Gauntlet | Reached skill level 15 in Axes
 10757 | Gauntlet | Identified the ring of Datal {rElec Will+ AC+4 Int+3}
 10940 | Gauntlet | Reached *** piety under Okawaru
 10941 | Gauntlet | Reached skill level 10 in Fighting
 10987 | Gauntlet | Identified the ring "Hecveaf" {rC+ Will++}
 11087 | Gauntlet | Noticed a minotaur
 11097 | Gauntlet | Killed a minotaur
 11098 | Gauntlet | Identified the +2 pair of gloves of Gofeth {rPois rC+ MP+9
                  | Str+3}
 11503 | Lair:1   | Found an ancient bone altar of Kikubaaqudgha.
 11670 | Lair:1   | Found a runed translucent door.
 11686 | Lair:1   | Noticed Urug
 11696 | Lair:1   | Killed Urug
 11696 | Lair:1   | Reached **** piety under Okawaru
 11697 | Lair:1   | Reached XP level 12. HP: 102/108 MP: 12/12
 11707 | Lair:1   | Reached skill level 16 in Axes
 12133 | Lair:1   | Noticed Uhykki's ghost (journeyman DjFE)
 12875 | Lair:2   | Reached ***** piety under Okawaru
 12876 | Lair:2   | Reached skill level 17 in Axes
 12921 | Lair:2   | Found a hole to the Spider Nest.
 13577 | Lair:3   | Received a gift from Okawaru
 13591 | Lair:3   | Reached skill level 18 in Axes
 13616 | Lair:3   | Reached XP level 13. HP: 107/122 MP: 13/13
 14282 | Lair:3   | Identified a scroll of acquirement
 14282 | Lair:3   | Acquired a manual of Armour
 14347 | Lair:4   | Noticed a minotaur
 14347 | Lair:4   | Noticed aMcNicky's ghost (journeyman AtMo)
 14527 | Lair:4   | Found a runed translucent gate.
 14527 | Lair:4   | Found a runed translucent gate.
 14527 | Lair:4   | Found a runed translucent gate.
 15358 | Lair:5   | Entered Level 5 of the Lair of Beasts
 15518 | Lair:5   | Received a gift from Okawaru
 15558 | Lair:5   | Found a staircase to the Slime Pits.
 15558 | Lair:5   | Found a viscous altar of Jiyva.
 15758 | Lair:5   | Reached skill level 15 in Fighting
 15830 | Lair:5   | Reached skill level 19 in Axes
 16853 | D:5      | Killed adept's ghost
 16854 | D:5      | Reached skill level 10 in Shields
 17069 | Lair:1   | Killed Uhykki's ghost
 17350 | D:11     | Received a gift from Okawaru
 18058 | D:12     | Reached skill level 15 in Armour
 18141 | D:12     | Reached XP level 14. HP: 137/137 MP: 14/14
 18338 | D:12     | Noticed Rupert
 18352 | D:12     | Killed Rupert
 18354 | D:12     | Found a staircase to the Orcish Mines.
 18945 | Orc:1    | Entered Level 1 of the Orcish Mines
 18968 | Orc:1    | Found a frozen archway.
 18977 | IceCv    | Entered an ice cave
 19154 | IceCv    | Received a gift from Okawaru
 19505 | IceCv    | Reached skill level 20 in Axes
 19812 | IceCv    | Identified the +0 ring mail of the Uplifting Gods {+Blink
                  | rN++ Will+ Str-5}
 20191 | Orc:2    | Entered Level 2 of the Orcish Mines
 20229 | Orc:2    | Found Xoovoets's Assorted Antiques.
 20409 | Orc:2    | Found a staircase to the Elven Halls.
 20497 | Orc:2    | Noticed an orc warlord
 20522 | Orc:1    | Identified the -1 kite shield of Complete Protection
                  | {+Blink} (Okawaru gifted it to you on level 1 of the Orcish
                  | Mines)
 20522 | Orc:1    | Received a gift from Okawaru
 20772 | Orc:1    | Killed an orc warlord
 21326 | Orc:2    | Found Uprytsaoz's Antique Weapon Boutique.
 21382 | Orc:2    | Found Qaweorgho's Antique Armour Boutique.
 21451 | Orc:2    | Found Baifry's Jewellery Boutique.
 21465 | Orc:2    | Found Saicet's General Store.
 21787 | D:13     | Reached XP level 15. HP: 143/150 MP: 16/16
 21887 | D:13     | Identified the ring "Hauff" {Will+ Str+3 Dex+3 Stlth+}
 22121 | D:13     | Identified the +1 robe of Ennui {Harm} (Okawaru gifted it
                  | to you on level 13 of the Dungeon)
 22121 | D:13     | Received a gift from Okawaru
 22171 | D:13     | Found a gate to the Vaults.
 22238 | D:13     | Found Zyklun's Assorted Antiques.
 22241 | D:13     | Bought a potion of heal wounds for 140 gold pieces
 22284 | D:13     | Reached skill level 21 in Axes
 23281 | D:14     | Found an iron altar of Okawaru.
 23695 | D:14     | Reached skill level 1 in Throwing
 23871 | D:15     | Entered Level 15 of the Dungeon
 23892 | D:15     | Reached skill level 5 in Dodging
 24074 | D:15     | Found a staircase to the Depths.
 24325 | D:15     | Noticed Josephine
 24337 | D:15     | Killed Josephine
 24807 | D:15     | Acquired the ring of Buus {rCorr Str+3 Int+6 Slay+2}
 24995 | Spider:1 | Entered Level 1 of the Spider Nest
 25464 | Spider:1 | Noticed Kirke
 25483 | Spider:1 | Killed Kirke
 26230 | Spider:1 | Reached XP level 16. HP: 162/162 MP: 17/17
 26573 | Spider:2 | Received a gift from Okawaru
 27466 | Spider:3 | Reached skill level 5 in Throwing
 28151 | Lair:4   | Killed aMcNicky's ghost
 28482 | Spider:4 | Entered Level 4 of the Spider Nest
 28790 | Spider:4 | Received a gift from Okawaru
 28813 | Spider:4 | Received a gift from Okawaru
 28837 | Spider:4 | Received a gift from Okawaru
 28856 | Spider:4 | Blown up by an orb spider

Illustrated notes

Levels and vault maps discovered:
D:1:      dpeg_arrival_water_temple_mockup, layout_basic,
          hellmonk_ecumenical_altar_leap_of_faith
D:2:      layout_basic
D:3:      layout_rooms, serial_co_window_serial, co_window_cross_1,
          co_window_of_opportunity_a, co_window_cross_1, co_window_cross_1,
          co_window_paths_b, co_window_broadway_c, co_window_broadway_a,
          co_window_2corner, co_window_of_opportunity_b, co_window_4corner_a,
          glass_columns_a, glass_columns_a, glass_columns_b, glass_columns_a,
          minmay_circle_x, uniq_crazy_yiuf_cottage
D:4:      layout_loops_ring, mainiacjoe_overflow_catwalk, lemuel_round_altar,
          minmay_crystal_room, uniq_sigmund, uniq_eustachio
D:5:      minmay_evil_eye, layout_loops_ring, ebering_ghost_sewer_d,
          serial_park_tiny_1, uniq_menkaure
D:6:      layout_basic, minmay_temple_entry_trees, grunt_ministairs_14
D:7:      layout_cave_pools, lemuel_crystal_altar,
          mainiacjoe_overflow_small_starburst,
          gammafunk_temple_overflow_elements, minmay_joined_circles
D:8:      layout_basic, nicolae_elyvilon_temple_path,
          mainiacjoe_overflow_24_doors, uniq_psyche
D:9:      layout_layer_cave, nemelex_spade_bored_becter, vehumet_statue,
          nicolae_qazlal_style_of_elements, minmay_overflow_temple_star_quad,
          grunt_decor_resistance, dreamdust_wishing_well, uniq_pikel
D:10:     layout_cave_pools, david_lair_shrubbed, uniq_maurice, uniq_erica,
          uniq_fannar
D:11:     layout_basic, feat_on_display
D:12:     layout_small_grid, david_orc_5, uniq_rupert
D:13:     minmay_tri_stars, layout_loops_ring, erik_vaults_1, serial_rivers,
          chequers_serial_rivers_small_3, chequers_serial_rivers_room_b,
          chequers_serial_rivers_micro_d, chequers_serial_rivers_large_a,
          chequers_serial_rivers_micro_c, chequers_serial_rivers_marsh,
          serial_shops, shop
D:14:     layout_loops_ring, okawaru_gym_becter
D:15:     hangedman_depths_entry_civil_slaughter, layout_stronghold,
          uniq_josephine
Temple:   nicolae_temple_two_arcs
Lair:1:   layout_chaotic_city, gauntlet_entry_generic, basic_altar,
          ebering_ghost_reflecting_pool, infiniplex_staircase_pool_2, uniq_urug
Lair:2:   layout_regular_city, nicolae_shoals_entry_flooding,
          spider_nest_entry_funnel_web, hangedman_lair_unloving_vines,
          columned_hall_lemuel, minivault_27, chequers_serial_rivers_micro_d,
          fungi_pond_lemuel, dreamdust_mushroom_princess, ice2_lemuel
Lair:3:   layout_roguey [special_room_mythical_zoo]
Lair:4:   layout_small_grid, maelrawn_ghost_gauntlet_escape,
          eino_house_with_fridge
Lair:5:   wormcave, layout_gridlike, nicolae_slime_entry_slimehenge,
          kennysheep_abandoned_house
Spider:1: layout_cave_pods, guppyfry_hornet_nest, uniq_kirke
Spider:2: layout_spider_delve
Spider:3: lemuel_spider_zombies, nicolae_spider_webbed_stairs
Spider:4: hellmonk_spider_rune_endless_swarm, hangedman_spider_tarantella_strand
Orc:1:    layout_diamond_mine, portal_ice_cave_entry_pillars_2, minmay_orc_keep
Orc:2:    grunt_orc_cross, layout_caves, serial_shops, shop

Skill      XL: |  1  2  3  4  5  6  7  8  9 10 11 12 13 14 15 16 |
---------------+-------------------------------------------------+-----
Fighting       | 4 5 7 8 9 10 13 16 18 19 20 | 20.2
Shields        | 4 5 6 7 8 9 10 11 12 13 | 13.8
Axes           | 3 4 5 6 8 9 12 14 15 18 19 20 21 | 21.9
Armour         | 4 5 6 7 8 9 11 12 15 17 18 19 | 19.7
Dodging        | 1 2 3 4 5 6 |  6.4
Stealth        | 1 2 3 |  3.3
Invocations    | 1 2 3 4 |  4.0
Throwing       | 2 6 |  6.5

Action                     |  1- 3 |  4- 6 |  7- 9 | 10-12 | 13-15 | 16-18 || total
---------------------------+-------+-------+-------+-------+-------+-------++-------
  Melee: War axe           |    85 |    46 |   257 |   270 |       |       ||   658
         Headbutt          |     9 |     8 |    50 |   106 |   224 |    87 ||   484
         Broad axe         |       |       |       |   210 |   920 |   258 ||  1388
  Throw: Boomerang         |       |       |       |       |    55 |   103 ||   158
         Javelin           |       |       |       |       |       |    14 ||    14
         Dart              |       |       |       |       |       |     2 ||     2
 Invoke: Heroism           |       |       |       |    14 |    30 |    14 ||    58
    Use: Scroll            |     7 |     1 |     8 |    11 |    11 |       ||    38
         Potion            |       |       |       |     2 |       |     1 ||     3
   Stab: Sleeping          |       |       |       |       |     3 |       ||     3
         Distracted        |       |       |       |       |       |     1 ||     1
 Armour: Scale mail        |    21 |       |       |       |       |       ||    21
         Chain mail        |    13 |    16 |   137 |     3 |       |       ||   169
         Plate armour      |       |       |       |   259 |   464 |       ||   723
         Shadow dragon sca |       |       |       |       |   125 |   172 ||   297
  Dodge: Dodged            |    33 |    10 |    96 |   126 |   351 |   103 ||   719
  Block: Buckler           |    19 |     8 |    58 |   111 |   202 |       ||   398
         Kite shield       |       |       |       |       |   130 |   182 ||   312

Table legend: (Time is in decaauts)
 A = Elapsed time spent in this place.
 B = Non-inter-level travel time spent in this place.
 C = Inter-level travel time spent in this place.
 D = Time resting spent in this place.
 E = Time spent auto-exploring this place.
 F = Levels seen in this place.
 G = Mean time per level.
                   A        B        C        D        E       F      G
               +--------+--------+--------+--------+--------+-----+--------+
         Total |  28703 |  27103 |   1600 |    786 |  20736 |  29 |  989.8 |
       Dungeon |  15725 |  14734 |    991 |    329 |  11502 |  15 | 1048.3 |
        Temple |    129 |    122 |      7 |      0 |    106 |   1 |  129.0 |
          Lair |   5744 |   5314 |    430 |     80 |   4319 |   5 | 1148.8 |
   Spider Nest |   3437 |   3286 |    151 |     81 |   2456 |   4 |  859.2 |
  Orcish Mines |   1690 |   1671 |     19 |      0 |   1362 |   2 |  845.0 |
      Ice Cave |    941 |    941 |      0 |      0 |    713 |   1 |  941.0 |
      Gauntlet |   1032 |   1032 |      0 |    296 |    276 |   1 | 1032.0 |
               +--------+--------+--------+--------+--------+-----+--------+

Top non-repeatable levels by time:
Spider:1: 1451 daAuts
     D:9: 1397 daAuts
    D:13: 1277 daAuts
  Lair:4: 1270 daAuts
    D:10: 1249 daAuts
  Lair:5: 1246 daAuts
     D:3: 1164 daAuts
     D:5: 1156 daAuts
  Lair:2: 1155 daAuts
     D:7: 1122 daAuts
  Lair:3: 1098 daAuts
     D:4: 1055 daAuts
     D:8: 1049 daAuts
   Orc:2: 1035 daAuts
Gauntlet: 1032 daAuts
